 Dungeon Crawl Stone Soup version 0.22-a0-352-gc608dd7 (console) character file.

5749 bli the Spear-Bearer (level 10, -3/73 HPs)
             Began as a Merfolk Ice Elementalist on Apr 14, 2018.
             Was a Believer of Ru.
             Slain by an orc warrior
             ... wielding a +0 trident
              (12 damage)
             ... on level 9 of the Dungeon.
             The game lasted 00:56:28 (10679 turns).

bli the Spear-Bearer (Merfolk Ice Elementalist)    Turns: 10679, Time: 00:56:28

Health: -3/73      AC:  4    Str: 11    XL:     10   Next: 77%
Magic:  17/22      EV: 19    Int: 20    God:    Ru [**....]
Gold:   201        SH:  0    Dex: 17    Spells: 17/25 levels left

rFire    . . .     SeeInvis +   G - +0 trident
rCold    . . .     Gourm    .   (no shield)
rNeg     . . .     Faith    +   J - +0 leather armour (curse)
rPois    .         Spirit   .   l - +2 hat
rElec    .         Reflect  .   (no cloak)
rCorr    .         Harm     .   P - +0 pair of gloves
MR       .....                  C - +0 pair of boots
Stlth    +++.......             i - amulet of faith
HPRegen  0.22/turn              S - ring "Xeblarac" {Str+2 SInv}
MPRegen  0.18/turn              B - +5 ring of intelligence

@: berserk cooldown, slowed, very slow
A: change form in water, swift swim, stealthy swim, icy blue scales 1, frail 1,
reduced AC 1
a: Renounce Religion


You were on level 9 of the Dungeon.
You worshipped Ru.
Ru was pleased with you.
You were not hungry.

You visited 2 branches of the dungeon, and saw 10 of its levels.
You also visited: Ossuary.

You collected 383 gold pieces.
You spent 182 gold pieces at shops.

Inventory:

Hand Weapons
 o - a +2 short sword of venom
 D - a +2 dagger of protection
 E - a +0 spear
 G - a +0 trident (weapon)
 L - a +0 dagger of speed
 Q - a +0 flail of protection
 R - a +1 dagger of venom
 T - a +2 flail of protection
Missiles
 g - 308 stones (quivered)
 p - 2 throwing nets
 y - 6 tomahawks
Armour
 a - a +0 robe
 l - a +2 hat (worn)
 C - a +0 pair of boots (worn)
 H - a +0 large shield
 J - a cursed +0 leather armour (worn)
 P - a +0 pair of gloves (worn)
Jewellery
 b - an uncursed ring of resist corrosion
 i - an amulet of faith (around neck)
 w - an uncursed ring of protection from cold
 B - a +5 ring of intelligence (right hand)
 S - the ring "Xeblarac" (left hand) {Str+2 SInv}
   (You found it on level 7 of the Dungeon)

   [ring of see invisible]

   It affects your strength (+2).
   It lets you see invisible.
 U - an uncursed ring of protection from cold
Wands
 q - a wand of flame (15)
 N - a wand of enslavement (21)
 V - a wand of paralysis (15)
 W - a wand of scattershot (7)
Scrolls
 e - a scroll of magic mapping
 m - a scroll of fog
 r - 4 scrolls of teleportation
 t - 2 scrolls of remove curse
 v - a scroll of enchant weapon
 z - a scroll of fear
 I - a scroll of random uselessness
 M - 2 scrolls of immolation
Potions
 f - 3 potions of heal wounds {unknown}
 h - a potion of berserk rage
 j - 7 potions of curing
 k - a potion of haste {unknown}
 n - 3 potions of brilliance {unknown}
 s - 2 potions of resistance {unknown}
 u - 2 potions of cancellation {unknown}
 x - 2 potions of might {unknown}
 A - a potion of agility
 K - a potion of flight
 O - 4 potions of lignification {unknown}
Comestibles
 c - 16 rations
 d - 4 chunks of flesh


   Skills:
 * Level 8.4 Fighting
 + Level 11.2 Polearms
 + Level 1.0 Armour
 * Level 10.6 Dodging
 + Level 4.2 Stealth
 + Level 8.1 Spellcasting
 + Level 1.0 Conjurations
 + Level 2.1 Charms
 + Level 6.9 Ice Magic


You had 17 spell levels left.
You knew the following spells:

 Your Spells              Type           Power        Failure   Level  Hunger
a - Freeze                Ice            ####         1%          1    None
b - Throw Icicle          Conj/Ice       ###.....     22%         4    ###....
O - Ozocubu's Armour      Chrm/Ice       ####....     5%          3    None


Dungeon Overview and Level Annotations

Branches:
Dungeon (9/15)             Temple (1/1) D:6
   Lair: D:8-11         Orc: D:9-12

Altars:
Ashenzari
Cheibriados
Fedhas
Gozag
Hepliaklqana
Kikubaaqudgha
Nemelex Xobeh
Okawaru
Qazlal
Ru
Sif Muna
Xom

Shops:
D:9 [


Innate Abilities, Weirdness & Mutations

You revert to your normal form in water.
You are very nimble and swift while swimming.
You are very stealthy in the water. (Stealth+)
You take slightly more damage. (AC -5)
You are partially covered in icy blue scales. (AC +2)
You are frail. (-10% HP)


Message History

The orc warrior hits you with a trident.
* * * LOW HITPOINT WARNING * * *
The orc warrior barely misses you.
Casting: Freeze (safe; 1% risk of failure)
Confirm with . or Enter, or press ? or * to list all spells.
Aiming: Freeze (safe; 1% risk of failure)
Press: ? - help, Shift-Dir - straight line, f/p - orc warrior
Aim: an orc warrior, wielding a trident and wearing a plate armour (heavily wounded)
You freeze the orc warrior.
The orc warrior is severely wounded.
The orc warrior completely misses you.
Casting: Freeze (safe; 1% risk of failure)
Confirm with . or Enter, or press ? or * to list all spells.
Aiming: Freeze (safe; 1% risk of failure)
Press: ? - help, Shift-Dir - straight line, f/p - orc warrior
Aim: an orc warrior, wielding a trident and wearing a plate armour (severely wounded)
You freeze the orc warrior.
The orc warrior is severely wounded.
The orc warrior hits you with a trident!
You die...

#### #########
#..o@)..###
#.(.####...##
.(.(. ##...#
...8o'....'.8.(#
... .##..##....#
.# ## ......#
..##..# #### #.#
.. .#


You could see an orc warrior.

Vanquished Creatures
  A two-headed ogre (D:8)
  3 hippogriffs
  3 yaks (D:9)
  2 orc warriors
  2 ice beasts
  2 sky beasts (D:5)
  A phantom (D:5)
  4 centaurs
  5 ogres
  4 bullfrogs
  7 scorpions (Ossuary)
  A water moccasin skeleton (D:8)
  3 killer bees (D:7)
  4 crimson imps
  3 centaur zombies
  A jelly (D:5)
  5 orc wizards
  A gnoll shaman (D:9)
  2 human zombies (Ossuary)
  2 hounds
  2 orc priests
  2 iguanas
  8 worker ants
  A hound skeleton (D:7)
  4 mummies
  A worker ant zombie (D:9)
  A gnoll (D:8)
  10 adders
  4 scorpion zombies (Ossuary)
  2 oozes
  2 worms
  2 dart slugs
  A leopard gecko (D:1)
  15 orcs
  A ball python (D:1)
  5 giant cockroaches
  12 goblins
  9 hobgoblins
  10 jackals
  3 quokkas
  5 bats
  3 frilled lizards
  3 gnoll zombies (Ossuary)
  3 goblin zombies
  A hobgoblin zombie (Ossuary)
  A jackal skeleton (D:4)
  6 kobolds
  A leopard gecko skeleton (D:5)
  A leopard gecko zombie (D:5)
  4 orc zombies
  A quokka skeleton (D:4)
  8 rats
188 creatures vanquished.

Vanquished Creatures (others)
  A killer bee (D:7)
  An orc wizard (D:7)
2 creatures vanquished.

Grand Total: 190 creatures vanquished

Notes
Turn   | Place    | Note
-------+----------+-------------------------------------------
     0 | D:1      | bli the Merfolk Ice Elementalist began the quest for the Orb.
     0 | D:1      | Reached XP level 1. HP: 13/13 MP: 3/3
   193 | D:1      | Reached XP level 2. HP: 15/20 MP: 3/5
   869 | D:1      | Reached skill level 1 in Fighting
  1038 | D:1      | Reached XP level 3. HP: 26/26 MP: 4/6
  2300 | D:2      | Reached XP level 4. HP: 32/32 MP: 6/8
  2358 | D:2      | Learned a level 3 spell: Ozocubu's Armour
  3338 | D:3      | Reached XP level 5. HP: 34/37 MP: 2/9
  4323 | D:5      | Entered Level 5 of the Dungeon
  4414 | D:5      | Found a hazy altar of Hepliaklqana.
  4456 | D:5      | Reached XP level 6. HP: 38/44 MP: 6/11
  4567 | D:5      | Noticed a phantom
  4728 | D:5      | Noticed a sky beast
  4731 | D:5      | Noticed a sky beast
  4741 | D:5      | Killed a sky beast
  4741 | D:5      | Reached skill level 5 in Ice Magic
  4971 | D:5      | Reached XP level 7. HP: 15/50 MP: 6/13
  5439 | D:5      | Found a stormy altar of Qazlal.
  5440 | D:5      | Found a snail-covered altar of Cheibriados.
  5556 | D:5      | Reached skill level 1 in Polearms
  5802 | D:5      | Reached skill level 2 in Polearms
  6040 | D:5      | Found a blossoming altar of Fedhas.
  6146 | D:6      | Found a staircase to the Ecumenical Temple.
  6180 | Temple   | Entered the Ecumenical Temple
  6211 | Temple   | Became a worshipper of Ru the Awakened
  6250 | D:6      | Reached skill level 3 in Polearms
  6295 | D:6      | Found a sparkling altar of Nemelex Xobeh.
  6479 | D:6      | Reached skill level 5 in Spellcasting
  6479 | D:6      | Reached XP level 8. HP: 41/57 MP: 12/15
  6485 | D:6      | Learned a level 4 spell: Throw Icicle
  6619 | D:6      | Found a sand-covered staircase.
  6640 | Ossuary  | Entered an ossuary
  6858 | Ossuary  | Reached skill level 10 in Polearms
  6858 | Ossuary  | Reached skill level 10 in Dodging
  6858 | Ossuary  | Reached XP level 9. HP: 74/74 MP: 15/19
  7439 | Ossuary  | Reached skill level 1 in Charms
  7712 | D:6      | Gained mutation: You take slightly more damage. (AC -5) [Ru sacrifice]
  7712 | D:6      | Reached * piety under Ru
  7712 | D:6      | Reached ** piety under Ru
  8792 | D:7      | Reached skill level 11 in Polearms
  9007 | D:7      | Got a sparkling wooden ring
  9009 | D:7      | Identified the ring "Xeblarac" {Str+2 SInv} (You found it on level 7 of the Dungeon)
  9051 | D:7      | Reached XP level 10. HP: 60/80 MP: 15/21
  9915 | D:8      | Noticed a two-headed ogre
  9925 | D:8      | Killed a two-headed ogre
  9939 | D:8      | Gained mutation: You are frail. (-10% HP) [potion of mutation]
  9939 | D:8      | Gained mutation: You are partially covered in icy blue scales. (AC +2) [potion of mutation]
 10265 | D:9      | Reached skill level 1 in Conjurations
 10469 | D:9      | Found Limutunagh's Antique Armour Boutique.
 10493 | D:9      | Bought a glowing hat for 182 gold pieces
 10607 | D:9      | Reached skill level 1 in Armour
 10679 | D:9      | Slain by an orc warrior

Vault maps used:
D:1:      dpeg_arrival_rooms_a, serial_co_window_serial, co_window_paths_a,
          co_window_corner_a, co_window_paths_b, co_window_paths_a,
          co_window_paths_a, co_window_paths_a, co_window_corner_a,
          co_window_broadway_c, co_window_corner_b, co_window_broadway_c,
          co_window_broadway_b, co_window_corner_b, co_window_corner_cb
D:3:      hex_intersection
D:5:      kennysheep_mini, nicolae_overflow_hidden_temple, first_ration,
          hangedman_decor_growths
D:6:      nemelex_altar_shiori, minmay_temple_entry_junction,
          nicolae_ossuary_entry_giza, dk_rats_in_the_wall
D:7:      grunt_ogre_cave
D:8:      cheibrodos_two_vegetables, bloody_makhleb, uniq_psyche
D:9:      kennysheep_ambush_hall, david_orc_1_choice, serial_shops,
          nicolae_shop_overgrown_old_shop, fedhas_altar_1
Temple:   nicolae_temple_elliptical
Ossuary:  ossuary_minmay_scorpions

Skill      XL: |  1  2  3  4  5  6  7  8  9 10 |
---------------+-------------------------------+-----
Fighting       | 1 2 7 8 |  8.4
Stealth        | 3 4 |  4.2
Dodging        | 3 4 10 | 10.6
Spellcasting   | 3 4 5 6 7 8 |  8.1
Ice Magic      | 4 5 6 |  6.9
Polearms       | 3 10 11 | 11.2
Charms         | 1 2 |  2.1
Conjurations   | 1 |  1.0
Armour         | 1 |  1.0

Action                   |  1- 3 |  4- 6 |  7- 9 | 10-12 || total
-------------------------+-------+-------+-------+-------++-------
Melee: Club              |   109 |    95 |       |       ||   204
       Unarmed           |     7 |       |       |       ||     7
       Trident           |       |       |   341 |    98 ||   439
Throw: Stone             |       |     9 |    82 |    34 ||   125
 Cast: Freeze            |    41 |    75 |    87 |    75 ||   278
       Ozocubu's Armour  |       |     6 |    20 |    12 ||    38
       Throw Icicle      |       |       |     2 |     6 ||     8
Invok: Sacrifice Health  |       |       |     1 |       ||     1
  Use: Scroll            |     1 |     4 |     9 |     3 ||    17
       Potion            |     1 |       |     1 |     2 ||     4
 Stab: Sleeping          |     7 |     5 |     7 |     4 ||    23
       Distracted        |     1 |       |       |       ||     1
  Eat: Chunk             |     3 |     7 |     8 |     6 ||    24
       Ration            |     1 |       |     2 |       ||     3
Armor: Robe              |    27 |    35 |    37 |       ||    99
       Leather armour    |       |       |       |    15 ||    15
Dodge: Dodged            |   100 |   108 |   183 |   128 ||   519

Table legend:
 A = Spawn XP
 B = Non-spawn XP
 C = Spawn XP percentage of total XP
 D = Spawn monster count
 E = Non-spawn monster count
 F = Spawn count percentage of total count
 G = Total turns spent on level
                    A         B        C        D         E        F      G
               +---------+---------+-------+---------+---------+-------+---------
         Total |       0 |    6998 |   0.0 |       0 |     189 |   0.0 | 10679
               +---------+---------+-------+---------+---------+-------+---------
           D:1 |       0 |      55 |   0.0 |       0 |      30 |   0.0 |  1717
           D:2 |       0 |      43 |   0.0 |       0 |      12 |   0.0 |   808
           D:3 |       0 |      75 |   0.0 |       0 |      18 |   0.0 |   908
           D:4 |       0 |     173 |   0.0 |       0 |      10 |   0.0 |  1019
           D:5 |       0 |     626 |   0.0 |       0 |      17 |   0.0 |  1691
           D:6 |       0 |     454 |   0.0 |       0 |      15 |   0.0 |   857
           D:7 |       0 |    1656 |   0.0 |       0 |      31 |   0.0 |  1489
           D:8 |       0 |    1698 |   0.0 |       0 |      11 |   0.0 |   537
           D:9 |       0 |    1503 |   0.0 |       0 |      18 |   0.0 |   673
        Temple |       0 |       3 |   0.0 |       0 |       1 |   0.0 |    56
       Ossuary |       0 |     712 |   0.0 |       0 |      26 |   0.0 |   924
               +---------+---------+-------+---------+---------+-------+---------
